 Dungeon Crawl Stone Soup version 0.30-a0-364-gf6b3ef1049 (webtiles) character file.

Game seed: 2397794365269149431

121 runemasterragnar the Conjurer (level 4, -2/25 HPs)
             Began as a Deep Elf Conjurer on Nov 15, 2022.
             Killed by nerve-wracking pain
             ... invoked by Grinder
              (3 damage)
             ... on level 3 of the Dungeon.
             The game lasted 00:03:37 (3459 turns).

runemasterragnar the Conjurer (Deep Elf Conjurer)   Turns: 3459, Time: 00:03:38

Health: -2/25      AC:  2    Str:  6    XL:     4   Next: 76%
Magic:  4/11       EV: 13    Int: 23    God:
Gold:   83         SH:  0    Dex: 13    Spells: 7/10 levels left

rFire   + . .      SeeInvis .    q - +0 long sword
rCold   . . .      Faith    .    (no shield)
rNeg    . . .      Spirit   .    a - +0 robe
rPois   .          Reflect  .    (no helmet)
rElec   .          Harm     .    (no cloak)
rCorr   .          Rampage  .    (no gloves)
Will    .....                    (no boots)
Stlth   +++.......               (no amulet)
HPRegen 0.24/turn                g - ring of protection from fire
MPRegen 0.12/turn                (no ring)

@: attractive, invisible
A: camouflage 1
a: no special abilities


You were on level 3 of the Dungeon.
You visited 1 branch of the dungeon, and saw 3 of its levels.

You collected 83 gold pieces.

Inventory:

Hand Weapons
 i - a +0 dagger
 q - a +0 long sword (weapon)
Armour
 a - a +0 robe (worn)
Jewellery
 g - a ring of protection from fire (left hand)
Wands
 m - a wand of polymorph (2)
Scrolls
 c - 2 scrolls of identify {unknown}
 d - 2 scrolls of fog {unknown}
 e - a scroll of acquirement {unknown}
 f - a scroll of fear {unknown}
 h - a scroll of silence {unknown}
 j - a scroll of blinking {unknown}
 k - a scroll of enchant armour {unknown}
 n - 2 scrolls of teleportation {unknown}
 o - a scroll of immolation {unknown}
 r - a scroll of enchant weapon {unknown}
Potions
 b - a potion of magic


   Skills:
 + Level 1.1 Fighting
 + Level 3.4 Dodging
 + Level 3.4 Stealth
 + Level 3.8 Spellcasting
 * Level 5.3 Conjurations


You had 7 spell levels left.
You knew the following spells:

 Your Spells              Type           Power      Damage    Failure   Level
a - Magic Dart            Conj           100%       1d8       1%          1
b - Searing Ray           Conj           56%        2d6       1%          2

Your spell library contained the following spells:

 Spells                   Type           Power      Damage    Failure   Level
 Foxfire                  Conj/Fire      64%        2x1d7     3%          1
 Dazzling Flash           Conj/Hex       32%        N/A       11%         3
 Gell's Gravitas          Tloc           4%         N/A       32%         3
 Lesser Beckoning         Tloc           8%         N/A       32%         3
 Teleport Other           Tloc           4%         N/A       32%         3
 Fulminant Prism          Conj/Hex       8%         3d7       34%         4
 Iskenderun's Mystic Bla  Conj/Tloc      16%        2d5       34%         4
 Fireball                 Conj/Fire      8%         3d6       69%         5
 Starburst                Conj/Fire      8%         6d4       99%         6


Dungeon Overview and Level Annotations

Branches:
Dungeon (3/15)

Altars:
Okawaru
Qazlal

Annotations:
D:3 Grinder


Innate Abilities, Weirdness & Mutations

Your skin changes colour to match your surroundings (Stealth+).


Message History

The searing ray hits Grinder.
Grinder is moderately wounded.
Unknown command.
The searing ray hits Grinder!
Grinder is severely wounded.
You finish channelling your searing ray.
Grinder hits you.
You writhe in agony.
Unknown command.
Unknown command.
Casting: Searing Ray (safe; 1% risk of failure)
Confirm with . or Enter, or press ? or * to list all spells.
Aiming: Magic Dart (safe; 1% risk of failure)
Press: ? - help, Shift-Dir - straight line, f/p - Grinder
Aim: Grinder (heavily wounded, 100% to hit)
Okay, then.
Casting: Magic Dart (safe; 1% risk of failure)
Confirm with . or Enter, or press ? or * to list all spells.
Aiming: Searing Ray (safe; 1% risk of failure)
Press: ? - help, Shift-Dir - straight line, f/p - Grinder
Aim: Grinder (heavily wounded, 77% to hit)
The searing ray hits Grinder!
Grinder is almost dead. (Press . to maintain the ray.) Grinder hits you!
* * * LOW HITPOINT WARNING * * *
You writhe in agony.
* * * LOW HITPOINT WARNING * * *
Unknown command.
It was a potion of mutation.
You feel extremely strange.
Your skin functions as natural camouflage.
Grinder hits you.
* * * LOW HITPOINT WARNING * * *
It was a potion of attraction.
You feel attractive to monsters. Grinder barely misses you.
It was a potion of invisibility.
You fade into invisibility!
Grinder gestures at you. Pain shoots through your body!
You die...

.............+
............# #.
...........# ..#.
..........# ..... .
#.......... ......#
#.........# ....#.#
#..5......# ......
#.)@......# ..†..#####
##.........#
......5..####..#########
##.##o##.##.....#
##....##...)....#
...##.####......#
♣..##o..##......###
♣♣.<..#.#.........#
♣.####...........#


You could see Grinder (unable to see you).

Vanquished Creatures
  An orc priest (D:3)
  2 adders (D:2)
  5 worms (D:2)
  3 orcs (D:3)
  5 bats
  4 endoplasms
  2 giant cockroaches (D:1)
  7 goblins
  5 hobgoblins
  4 jackals (D:2)
  2 quokkas
  4 ball pythons
  4 frilled lizards
  3 kobolds
  2 rats
  A spectral kobold (D:1)
54 creatures vanquished.

Notes
Turn   | Place    | Note
-------+----------+-------------------------------------------
     0 | D:1      | runemasterragnar the Deep Elf Conjurer began the quest for
                  | the Orb.
     0 | D:1      | Reached XP level 1. HP: 10/10 MP: 6/6
   217 | D:1      | Found a faded altar of an unknown god.
   657 | D:1      | Reached XP level 2. HP: 15/15 MP: 5/8
  1569 | D:1      | Learned a level 2 spell: Searing Ray
  1825 | D:2      | Reached XP level 3. HP: 20/20 MP: 7/9
  2184 | D:2      | Reached skill level 5 in Conjurations
  2487 | D:2      | Reached XP level 4. HP: 24/24 MP: 5/11
  3030 | D:3      | Noticed Grinder
  3033 | D:3      | Reached skill level 1 in Fighting
  3389 | D:3      | Found an iron altar of Okawaru.
  3407 | D:3      | Found a stormy altar of Qazlal.
  3448 | D:3      | Paralysed by Grinder for 4 turns
  3457 | D:3      | Gained mutation: Your skin changes colour to match your
                  | surroundings (Stealth+). [potion of mutation]
  3457 | D:3      | HP: 1/25 [Grinder (1)]
  3459 | D:3      | Killed from afar by Grinder

Illustrated notes

Levels and vault maps discovered:
D:1:      tarquinn_simple_flora_water_c, layout_rooms, serial_co_window_serial,
          co_window_paths_a, co_window_paths_a, co_window_cross_1,
          co_window_of_opportunity_a, co_window_of_opportunity_a,
          co_window_corner_a, co_window_corner_b, co_window_corner_cb,
          co_window_broadway_a, co_window_broadway_c, co_window_paths_c,
          co_window_corner_ca, glass_columns_a, glass_columns_c,
          glass_columns_a, dreamdust_ecumenical_altar_drowned_temple
D:2:      kennysheep_six_static_rooms, layout_basic, kennysheep_generic_room_8
D:3:      layout_basic, gammafunk_temple_overflow_forgotten,
          nicolae_ru_the_path_less_chosen, nicolae_overflow_squiral,
          serial_shops, nicolae_shop_behind_doors, nrook_campfire, minivault_11,
          minmay_misc_feat_alley, uniq_grinder

Skill      XL: |  1  2  3  4 |
---------------+-------------+-----
Stealth        | 3 |  3.4
Conjurations   | 5 |  5.3
Dodging        | 3 |  3.4
Fighting       | 1 |  1.1
Spellcasting   | |  3.8

Action                   |  1- 3 |  4- 6 || total
-------------------------+-------+-------++-------
Melee: Dagger            |     8 |       ||     8
       Long sword        |       |     1 ||     1
 Cast: Magic Dart        |    74 |    17 ||    91
       Searing Ray       |     5 |     5 ||    10
  Use: Potion            |       |     3 ||     3
Armor: Robe              |     3 |       ||     3
Dodge: Dodged            |     7 |     3 ||    10

Table legend: (Time is in decaauts)
 A = Elapsed time spent in this place.
 B = Non-inter-level travel time spent in this place.
 C = Inter-level travel time spent in this place.
 D = Time resting spent in this place.
 E = Time spent auto-exploring this place.
 F = Levels seen in this place.
 G = Mean time per level.
                   A        B        C        D        E       F      G
               +--------+--------+--------+--------+--------+-----+--------+
         Total |   3467 |   3326 |    141 |    897 |   2124 |   3 | 1155.7 |
       Dungeon |   3467 |   3326 |    141 |    897 |   2124 |   3 | 1155.7 |
               +--------+--------+--------+--------+--------+-----+--------+

Top non-repeatable levels by time:
     D:1: 1597 daAuts
     D:2: 1546 daAuts
     D:3: 323 daAuts
